 Dungeon Crawl Stone Soup version 0.30-a0-347-gf58ed5266c (webtiles) character file.

Game seed: 4287851036768182318

148325 themarg the Warrior (level 16, -12/162 HPs)
             Began as an Armataur Fighter on Nov 7, 2022.
             Was a High Priest of Okawaru.
             Mangled by a tentacle (16 damage)
             ... attached to a kraken
             ... on level 2 of the Shoals.
             The game lasted 01:57:29 (35759 turns).

themarg the Warrior (Armataur Fighter)             Turns: 35759, Time: 01:57:30

Health: -12/162    AC: 45    Str: 25    XL:     16   Next: 94%
Magic:  34/34      EV:  6    Int: 14    God:    Okawaru [*****.]
Gold:   748        SH: 10    Dex: 23    Spells: 15/15 levels left

rFire   + . .      SeeInvis .    p - +11 hammer of Abeppi Zuna {vorpal, rF+ rC+ MP+9 Dex+2}
rCold   + . .      Faith    .    X - +2 buckler
rNeg    . . .      Spirit   .    L - +8 orange crystal plate armour {Archmagi, Int+3 Clar}
rPois   +          Reflect  .    n - +2 helmet {Int+3}
rElec   +          Harm     .    r - +2 cloak
rCorr   +          Roll     +    D - +2 pair of gloves {hurl}
Will    +....      Archmagi +    W - +0 barding of Nihilism {rElec rPois rCorr Str-2}
Stlth   .......... Clarity  +    S - amulet of regeneration
HPRegen 1.27/turn                R - +6 ring of dexterity
MPRegen 0.24/turn                f - +4 ring of slaying

@: heroic, flying
A: large, rugged brown scales 3, deformed body, armoured tail, roll, long
tongue, awkward tongue, claws 1, agile 1, electricity resistance, wild magic 1
a: Renounce Religion, Heroism, Finesse, Duel


You were on level 2 of the Shoals.
You worshipped Okawaru.
Okawaru was extremely pleased with you.
You visited 5 branches of the dungeon, and saw 26 of its levels.
You visited the Abyss 1 time.

You collected 2806 gold pieces.
You spent 2058 gold pieces at shops.

Inventory:

Hand Weapons
 p - the +11 hammer of Abeppi Zuna (weapon) {vorpal, rF+ rC+ MP+9 Dex+2}
   (You found it on level 2 of the Dungeon)

   It inflicts extra damage upon your enemies.
   Dex:       It affects your dexterity (+2).
   rF:        It protects you from fire.
   rC:        It protects you from cold.
   MP:        It affects your magic capacity (+9).
Missiles
 e - 4 atropa-tipped darts
 l - 3 javelins
 m - 8 curare-tipped darts
 C - a throwing net
 F - 15 boomerangs (quivered)
 P - a silver boomerang
 T - 5 silver javelins
Armour
 n - a +2 helmet of intelligence (worn)
 r - a +2 cloak (worn)
 y - the +7 Kryia's mail coat {PotionHeal*2 rC+}
   (You found it on level 6 of the Dungeon)

   Potions are twice as effective at healing its wearer.
   rC:        It protects you from cold.
 D - a +2 pair of gloves of hurling (worn)
 L - the +8 orange crystal plate armour (worn) {Archmagi, Int+3 Clar}
   (Okawaru gifted it to you on level 2 of the Shoals)

   Int:       It affects your intelligence (+3).
   Clar:      It protects you against confusion.
 W - the +0 barding of Nihilism (worn) {rElec rPois rCorr Str-2}
   (Okawaru gifted it to you on level 4 of the Lair of Beasts)

   Str:       It affects your strength (-2).
   rElec:     It insulates you from electricity.
   rPois:     It protects you from poison.
   rCorr:     It protects you from acid and corrosion.
 X - a +2 buckler (worn)
Jewellery
 f - a +4 ring of slaying (right hand)
 x - a ring of protection from fire
 z - a ring of see invisible
 E - a ring of willpower
 R - a +6 ring of dexterity (left hand)
 S - an amulet of regeneration (around neck)
Wands
 a - a wand of mindburst (2)
 b - a wand of iceblast (26)
 B - a wand of digging (2)
 G - a wand of polymorph (2)
Scrolls
 g - 3 scrolls of blinking
 i - a scroll of fog
 j - 5 scrolls of fear
 k - 3 scrolls of teleportation
 u - 2 scrolls of poison
 v - 3 scrolls of enchant armour
 A - 6 scrolls of vulnerability
 I - 3 scrolls of immolation
 K - 3 scrolls of enchant weapon
 M - 4 scrolls of magic mapping
 N - 3 scrolls of silence
 U - a scroll of amnesia
 V - 2 scrolls of brand weapon
Potions
 c - a potion of resistance
 d - 2 potions of might
 h - 9 potions of curing
 o - 3 potions of heal wounds
 q - 5 potions of haste
 s - 3 potions of invisibility
 t - 6 potions of lignification
 w - 2 potions of berserk rage
 H - 2 potions of magic
 J - 5 potions of attraction
 Q - 10 potions of ambrosia
 Z - a potion of mutation
Miscellaneous
 Y - a phial of floods


   Skills:
 + Level 16.3(21.3) Fighting
 - Level 14.0(19.0) Maces & Flails
 - Level 10.0(15.0) Throwing
 - Level 10.0(15.0) Armour
 - Level 5.0(10.0) Dodging
 - Level 3.0(8.0) Stealth
 - Level 7.0(12.0) Shields
 - Level 12.0 Invocations
 + Level 8.6 Evocations


You had 15 spell levels left.
You didn't know any spells.
Your spell library contained the following spells:

 Spells                   Type           Power      Damage    Failure   Level
 Apportation              Tloc           0%         N/A       100%        1
 Beastly Appendage        Tmut           0%         N/A       100%        1
 Foxfire                  Conj/Fire      0%         2x1d4     100%        1
 Sting                    Tmut/Pois      0%         1d3       100%        1
 Cigotuvi's Dreadful Rot  Necr/Pois/Air  0%         N/A       100%        2
 Ensorcelled Hibernation  Hex/Ice        0%         N/A       100%        2
 Poisonous Vapours        Pois/Air       0%         N/A       100%        2
 Sublimation of Blood     Necr           0%         N/A       100%        2
 Wereblood                Tmut           0%         N/A       100%        2
 Dazzling Flash           Conj/Hex       0%         N/A       100%        3
 Gell's Gravitas          Tloc           0%         N/A       100%        3
 Lesser Beckoning         Tloc           0%         N/A       100%        3
 Ozocubu's Armour         Ice            0%         N/A       100%        3
 Spider Form              Tmut/Pois      0%         N/A       100%        3
 Teleport Other           Tloc           0%         N/A       100%        3
 Anguish                  Hex/Necr       0%         N/A       100%        4
 Dispel Undead            Necr           0%         3d6       100%        4
 Leda's Liquefaction      Hex/Erth       0%         N/A       100%        4
 Olgreb's Toxic Radiance  Pois           0%         N/A       100%        4
 Petrify                  Tmut/Erth      0%         N/A       100%        4
 Agony                    Necr           0%         N/A       100%        5
 Alistair's Intoxication  Tmut/Pois      0%         N/A       100%        5
 Borgnjor's Vile Clutch   Necr/Erth      0%         N/A       100%        5
 Fireball                 Conj/Fire      0%         3d3       100%        5
 Freezing Cloud           Conj/Ice/Air   0%         6-21      100%        5
 Irradiate                Conj/Tmut      0%         3d11      100%        5
 Lee's Rapid Deconstruct  Erth           0%         3d4*      100%        5
 Silence                  Hex/Air        0%         N/A       100%        5
 Eringya's Noxious Bog    Tmut/Pois      0%         N/A       100%        6
 Starburst                Conj/Fire      0%         6d3       100%        6
 Statue Form              Tmut/Erth      0%         N/A       100%        6
 Ozocubu's Refrigeration  Ice            0%         4d7       100%        7
 Polar Vortex             Ice            0%         N/A       100%        9
 Summon Small Mammal      Summ           Unusable   N/A       N/A         1
 Call Canine Familiar     Summ           Unusable   N/A       N/A         3
 Summon Guardian Golem    Hex/Summ       Unusable   N/A       N/A         3
 Death Channel            Necr           Unusable   N/A       N/A         6
 Simulacrum               Ice/Necr       Unusable   N/A       N/A         6

Dungeon Overview and Level Annotations

Branches:
Dungeon (15/15)            Temple (1/1) D:5            Lair (5/5) D:8
 Shoals (3/4) Lair:3       Spider (0/4) Lair:3        Slime (0/5) Lair:4
    Orc (2/2) D:12            Elf (0/3) Orc:2        Vaults (0/5) D:14
 Depths (0/4) D:15

Altars:
Ashenzari
Cheibriados
Dithmenos
Elyvilon
Fedhas
Gozag
Hepliaklqana
Kikubaaqudgha
Makhleb
Nemelex Xobeh
Okawaru
Qazlal
Ru
Sif Muna
Trog
Uskayaw
Vehumet
Wu Jian
Xom
Yredelemnul
Zin
The Shining One
Jiyva
Lugonu

Shops:
D:1 [**[?   D:3 !   D:6 :   D:8 *   D:9 *   D:11 (   D:12 =   Orc:2 =:[*

Portals:
Abyss: Lair:5
Trove: D:12 (give horn of Geryon)

Annotations:
Lair:4 1 runed translucent door
Lair:5 3 runed translucent doors, brightshaft's ghost, journeyman BaHu
Shoals:2 1 runed translucent door


Innate Abilities, Weirdness & Mutations

You are completely covered in rugged brown scales. (AC +3, +7% HP)
Armour fits poorly on your strangely shaped body.
You have a long armoured tail.
You roll when moving toward enemies. (Rampage)
Your long tongue fully drains potion bottles. (2x potion effects)
Your tongue gives you trouble enunciating. (1.5x scroll delay)
You have sharp fingernails.
You are agile. (Dex +4, Str/Int -1)
You are resistant to electric shocks. (rElec)
Your spells are a little harder to cast, but a little more powerful.


Message History

The tentacle closely misses you. You block the tentacle's attack.
The tentacle slaps you but does no damage.
You thump the kraken!
You tail-slap the kraken, but do no damage.
The kraken is almost dead.
The tentacle slaps you but does no damage.
You block the tentacle's attack. The kraken bites you.
* * * LOW HITPOINT WARNING * * *
The tentacle slaps you!
* * * LOW HITPOINT WARNING * * *
The tentacle slaps you but does no damage. x2
You slurp down every last drop of the 10 potions of curing!
You feel better.
The tentacle slaps you but does no damage.
The tentacle slaps you.
* * * LOW HITPOINT WARNING * * *
The tentacle slaps you but does no damage.
The kraken squirts a massive cloud of ink into the water!
The tentacle slaps you but does no damage. x2
The tentacle slaps you.
* * * LOW HITPOINT WARNING * * *
The tentacle slaps you!
* * * LOW HITPOINT WARNING * * *
The kraken closely misses you.
You hit the kraken but do no damage.
You tail-slap the kraken, but do no damage.
The kraken is almost dead.
The tentacle slaps you.
* * * LOW HITPOINT WARNING * * *
You block the tentacle's attack.
The tentacle slaps you but does no damage.
A tentacle segment bursts forth from the water.
The tentacle slaps you but does no damage. x2
You block the kraken's attack.
You sock the kraken!
The kraken is almost dead.
The tentacle slaps you but does no damage. x3
A tentacle segment bursts forth from the water.
The tentacle slaps you!
You die...

?..mm...#.≈≈≈≈≈≈..
≈≈≈~#...###mm.#.≈≈≈≈≈≈..
≈≈≈~#...#§#mmm#.≈≈≈≈≈≈..
≈≈≈~#...##+mmm#.≈≈≈≈≈≈..
≈≈≈~#..mmmmmmm#.≈≈≈≈≈≈..
≈≈≈§##mmmmmmm##.≈≈≈≈≈≈..
≈≈≈~§##mmmmm##~.≈≈≈≈≈≈..
≈≈≈≈§§#######~~≈≈≈≈≈≈≈..
≈≈≈≈≈§w@w~~~~~≈≈≈≈≈≈≈≈..
≈≈≈≈≈§Xww§≈≈≈≈≈≈≈≈≈≈≈≈..
≈≈≈≈≈§§V§≈≈≈≈≈≈≈≈≈≈≈≈)).
≈≈≈≈≈≈≈≈≈§≈≈≈≈≈≈≈≈≈≈≈...
≈≈≈≈≈≈≈≈≈≈≈≈≈≈≈≈≈≈≈≈≈...
≈≈≈≈≈≈≈≈≈≈≈≈≈≈≈≈≈≈≈≈....
≈≈≈≈≈≈≈≈≈≈≈≈≈≈≈≈≈.....P.
≈≈≈≈≈≈~...........|.....
≈~~...~†~..........


You could see a kraken, a merfolk avatar, 4 merfolk impalers, a merfolk
javelineer, a merfolk aquamancer, 16 merfolk, 4 tentacles and 4 merfolk sirens.

Vanquished Creatures
  Saint Roka (Orc:2)
  A bone dragon (Arena)
  2 tentacled starspawn (Abyss:2)
  Gastronok (Lair:3)
  3 krakens
  Kirke (D:13)
  A balrug (Abyss:2)
  A juggernaut zombie (D:15)
  An angel (Abyss:2)
  Azrael (D:12)
  A stone giant (Arena)
  Josephine (D:10)
  A merfolk impaler (Shoals:2)
  Fannar (Lair:1)
  2 rakshasas
  An ice dragon (Lair:1)
  A vault guard (D:14)
  A catoblepas (Lair:4)
  4 centaur warriors
  7 hydras
  A merfolk avatar (Shoals:1)
  2 merfolk aquamancers
  3 tengu warriors
  3 boulder beetles
  3 two-headed ogres
  8 death yaks (Lair:5)
  7 large abominations
  6 orc high priests
  Urug (D:10)
  3 thrashing horrors (Lair:5)
  Sonja (Orc:1)
  3 wretched stars
  5 skeletal warriors (D:15)
  Lodul (D:10)
  A sea snake (Shoals:1)
  A flayed ghost (D:15)
  11 harpies
  A lindwurm (Lair:4)
  A necromancer (D:15)
  3 deep elf pyromancers
  7 orc knights
  5 fauns
  8 orc sorcerers
  An iron dragon skeleton (D:15)
  8 manticores
  5 ugly things
  11 cyclopes
  5 black mambas
  11 elephants
  Maurice (D:10)
  Joseph (D:8)
  5 orange demons (D:14)
  14 cane toads
  A smoke demon (Abyss:2)
  4 merfolk sirens
  2 gargoyles
  An ice statue (Lair:1)
  An apocalypse crab (Abyss:1)
  2 spriggan zombies (D:15)
  2 unseen horror zombies (D:9)
  A kobold demonologist (D:8)
  10 komodo dragons
  2 rime drakes
  Psyche (D:10)
  5 ancient zymes
  2 ice devils (Lair:1)
  A queen bee (D:10)
  2 red devils (D:14)
  A guardian mummy (D:15)
  A queen bee (shapeshifter) (D:13)
  5 polar bears
  9 trolls
  19 merfolk
  2 hornets (D:11)
  A raiju (shapeshifter) (Lair:5)
  6 wind drakes
  16 blink frogs
  A blink frog (shapeshifter) (Lair:5)
  6 raiju (Abyss:2)
  3 snapping turtles (Shoals:1)
  21 dream sheep
  5 flying skulls (Abyss:2)
  8 water elementals
  2 jumping spiders (Lair:3)
  2 ynoxinuls (Lair:5)
  6 wraiths
  A culicivora (Lair:3)
  6 wyverns
  7 hogs (D:13)
  13 small abominations
  5 basilisks
  49 yaks
  4 steam dragons
  7 fire elementals
  3 redbacks (Lair:3)
  A basilisk (shapeshifter) (Lair:5)
  2 chaos spawn
  14 vampire mosquitoes
  A death yak simulacrum (Lair:1)
  2 harpy simulacra (Lair:1)
  4 acid dragons
  3 wargs
  11 water moccasins
  37 orc warriors
  An ice beast (D:4)
  2 sky beasts (D:7)
  A swamp drake (D:8)
  2 black bears
  13 ogres
  A centaur (D:12)
  10 wolves
  A phantom (D:6)
  4 kobold brigands
  5 gnoll sergeants
  A necrophage (D:9)
  15 bullfrogs
  3 scorpions
  4 wights
  24 killer bees (D:10)
  7 howler monkeys
  3 electric eels
  7 starcursed masses (Abyss:2)
  4 centaur zombies
  A human zombie (D:9)
  3 jellies
  Crazy Yiuf (D:2)
  2 hounds
  A gnoll bouda (D:7)
  16 orc priests
  2 iguanas (D:5)
  26 orc wizards
  A troll simulacrum (Lair:1)
  2 spriggan simulacra (Lair:1)
  A polar bear simulacrum (Lair:1)
  A wolf simulacrum (Lair:1)
  3 mummies
  A howler monkey zombie (D:9)
  13 gnolls
  5 adders
  A naga simulacrum (Lair:1)
  A white imp (D:7)
  An ufetubus (Abyss:2)
  A worm (D:2)
  A dart slug (D:3)
  56 orcs
  6 ball pythons
  6 bats
  6 endoplasms
  5 giant cockroaches
  10 goblins
  9 hobgoblins
  2 quokkas
  4 frilled lizards
  25 kobolds
  6 rats
  A bush (Lair:2)
  9 tentacles
838 creatures vanquished.

Vanquished Creatures (others)
  A wretched star (Abyss:2)
  A large abomination (Abyss:2)
  A fire elemental (D:9)
  An orc priest (Orc:2)
  An orc wizard (D:12)
  47 fungi
  104 plants
  7 starspawn tentacles (Abyss:2)
  25 tentacles
  7 withered plants (D:15)
195 creatures vanquished.

Grand Total: 1033 creatures vanquished

Notes
Turn   | Place    | Note
-------+----------+-------------------------------------------
     0 | D:1      | themarg the Armataur Fighter began the quest for the Orb.
     0 | D:1      | Reached XP level 1. HP: 19/19 MP: 1/1
   102 | D:1      | Reached skill level 1 in Stealth
   114 | D:1      | Reached skill level 3 in Fighting
   116 | D:1      | Reached XP level 2. HP: 23/27 MP: 2/2
   198 | D:1      | Found Noat's Armour Shop.
   265 | D:1      | Found Adyubitz's Assorted Antiques.
   347 | D:1      | Found a faded altar of an unknown god.
   399 | D:1      | Found Kiurul's Magic Scroll Shop.
   445 | D:1      | Found Kumaor's Armour Boutique.
   482 | D:1      | Reached XP level 3. HP: 33/33 MP: 3/3
   837 | D:1      | Found Tiumaqal's Assorted Antiques.
   932 | D:1      | Bought a scroll of identify for 28 gold pieces
  1322 | D:1      | Bought a scroll of identify for 28 gold pieces
  1437 | D:2      | Identified the +11 hammer of Abeppi Zuna {vorpal, rF+ rC+
                  | MP+9 Dex+2}
  1510 | D:2      | Found a runed translucent door.
  1511 | D:2      | Noticed Crazy Yiuf
  1513 | D:2      | Identified the +2 hammer "Acsiq" {pain, Drain rElec Int+4}
  1518 | D:2      | Killed Crazy Yiuf
  1519 | D:2      | Reached XP level 4. HP: 25/42 MP: 4/4
  1614 | D:2      | Reached skill level 4 in Fighting
  2033 | D:3      | Found Kolury's Distillery.
  2732 | D:4      | Noticed a scorpion
  2736 | D:4      | Killed a scorpion
  2737 | D:4      | Reached XP level 5. HP: 50/50 MP: 5/5
  2778 | D:4      | Reached skill level 5 in Fighting
  2816 | D:4      | Noticed an ice beast
  2822 | D:4      | Killed an ice beast
  2823 | D:4      | Reached XP level 6. HP: 56/60 MP: 6/6
  2910 | D:3      | Bought a potion of heal wounds for 60 gold pieces
  2930 | D:4      | Identified the +2 robe of Mutaarph {SInv}
  3134 | D:4      | Found a snail-covered altar of Cheibriados.
  3142 | D:4      | Reached skill level 6 in Fighting
  3178 | D:5      | Entered Level 5 of the Dungeon
  3487 | D:5      | Reached XP level 7. HP: 68/68 MP: 7/7
  3493 | D:5      | Reached skill level 7 in Fighting
  3552 | D:5      | Found a staircase to the Ecumenical Temple.
  3589 | Temple   | Entered the Ecumenical Temple
  3622 | Temple   | Became a worshipper of Warmaster Okawaru
  4216 | D:5      | Reached skill level 1 in Invocations
  4409 | D:6      | Noticed a wraith
  4418 | D:6      | Killed a wraith
  4418 | D:6      | Reached * piety under Okawaru
  4553 | D:6      | Found the +7 Kryia's mail coat {PotionHeal*2 rC+}
  4565 | D:6      | Reached XP level 8. HP: 70/79 MP: 10/10
  4625 | D:6      | Reached skill level 8 in Fighting
  4667 | D:6      | Found a bloodstained altar of Trog.
  4921 | D:6      | Found Roq Xior's Tremendous Tomes.
  5243 | D:6      | Found a burning altar of Makhleb.
  5255 | D:6      | Found an ornate altar of the Wu Jian Council.
  5505 | D:7      | Reached ** piety under Okawaru
  5510 | D:7      | Reached skill level 5 in Invocations
  5680 | D:7      | Reached skill level 9 in Fighting
  5777 | D:7      | Found a hazy altar of Hepliaklqana.
  6192 | D:7      | Reached XP level 9. HP: 90/90 MP: 12/12
  6443 | D:8      | Noticed a kobold demonologist
  6457 | D:8      | Noticed a red devil
  6457 | D:8      | Killed a kobold demonologist
  6458 | D:8      | Reached skill level 10 in Fighting
  6512 | D:8      | Noticed Joseph
  6525 | D:8      | Reached *** piety under Okawaru
  6542 | D:8      | Killed Joseph
  6906 | D:8      | Found Xuadet's General Store.
  6986 | D:8      | Noticed a komodo dragon
  6996 | D:8      | Killed a komodo dragon
  7459 | D:8      | Found a staircase to the Lair.
  7467 | D:8      | Noticed a komodo dragon
  7470 | D:8      | Killed a komodo dragon
  7470 | D:8      | Reached **** piety under Okawaru
  7642 | D:8      | Found a sparkling altar of Nemelex Xobeh.
  7643 | D:8      | Found a shadowy altar of Dithmenos.
  7887 | D:1      | Bought a scroll of identify for 28 gold pieces
  8003 | D:3      | Bought a potion of curing for 36 gold pieces
  8326 | D:9      | Reached XP level 10. HP: 82/100 MP: 15/15
  8382 | D:9      | Noticed a deep elf pyromancer
  8387 | D:9      | Killed a deep elf pyromancer
  8388 | D:9      | Reached skill level 11 in Fighting
  8388 | D:9      | Reached skill level 5 in Maces & Flails
  8430 | D:9      | Noticed a white ugly thing
  8440 | D:9      | Killed a white ugly thing
  8738 | D:9      | Found Vucoj's General Store.
  8748 | D:9      | Bought a scroll of identify for 30 gold pieces
  8748 | D:9      | Bought a scroll of magic mapping for 112 gold pieces
  8748 | D:9      | Bought a scroll of teleportation for 45 gold pieces
  9006 | D:9      | Identified the +1 leather armour of the Spider Nest {rF+}
  9029 | D:9      | Noticed a two-headed ogre
  9030 | D:9      | Reached skill level 12 in Fighting
  9041 | D:9      | Killed a two-headed ogre
  9053 | D:9      | Reached ***** piety under Okawaru
  9054 | D:9      | Reached skill level 13 in Fighting
  9306 | D:9      | Noticed a gargoyle
  9763 | D:9      | Reached XP level 11. HP: 81/114 MP: 16/16
  9763 | D:9      | Found an ancient bone altar of Kikubaaqudgha.
 10019 | D:10     | Entered Level 10 of the Dungeon
 10091 | D:10     | Reached skill level 14 in Fighting
 10269 | D:10     | Noticed Psyche
 10272 | D:10     | Killed Psyche
 10505 | D:10     | Noticed Urug
 10519 | D:10     | Killed Urug
 10519 | D:10     | Received a gift from Okawaru
 10520 | D:10     | Reached skill level 15 in Fighting
 10574 | D:10     | Found a radiant altar of Vehumet.
 10759 | D:10     | Noticed Maurice
 10775 | D:10     | Killed Maurice
 10802 | D:10     | Noticed Lodul
 10863 | D:10     | Killed Lodul
 11077 | D:10     | Identified the +1 barding of the Abyss {rElec rCorr Str-4
                  | Dex+4} (Okawaru gifted it to you on level 10 of the
                  | Dungeon)
 11077 | D:10     | Received a gift from Okawaru
 11112 | D:10     | Noticed Josephine
 11120 | D:10     | Killed Josephine
 11125 | D:10     | Reached XP level 12. HP: 108/130 MP: 17/17
 11672 | D:11     | Identified the +9 dagger "Veyc" {speed, MP-9 Str+5}
 11727 | D:11     | Reached skill level 5 in Armour
 11815 | D:11     | Noticed a two-headed ogre
 11824 | D:11     | Killed a two-headed ogre
 12318 | D:11     | Found Azxeguevy's Weapon Shoppe.
 12891 | Lair:1   | Entered Level 1 of the Lair of Beasts
 13365 | Lair:1   | Noticed an ice dragon
 13651 | Lair:2   | Reached skill level 10 in Invocations
 13883 | Lair:2   | Found a hazy altar of Hepliaklqana.
 15714 | Lair:1   | Reached skill level 5 in Shields
 16300 | Lair:1   | Killed an ice dragon
 16301 | Lair:1   | Reached XP level 13. HP: 107/136 MP: 21/21
 16431 | Lair:1   | Identified the +7 sling "Masuit" {drain, Int+5}
 16537 | Lair:1   | Noticed Fannar
 16560 | Lair:1   | Killed Fannar
 17572 | Lair:3   | Identified the +0 cloak of Exclusion {Harm rC- Int+4 Dex+3}
 17773 | Lair:3   | Found a staircase to the Shoals.
 17880 | Lair:3   | Found a hole to the Spider Nest.
 17911 | Lair:3   | Received a gift from Okawaru
 18479 | Lair:3   | Noticed Gastronok
 18538 | Lair:3   | Killed Gastronok
 18628 | Lair:3   | Received a gift from Okawaru
 18909 | Lair:4   | You fall into a shaft and drop 1 floor!
 18909 | Lair:5   | Entered Level 5 of the Lair of Beasts
 19355 | Lair:4   | Found a runed translucent door.
 19355 | Lair:4   | Noticed an acid blob
 19356 | Lair:4   | Noticed an acid blob
 19357 | Lair:4   | Found a staircase to the Slime Pits.
 19399 | Lair:4   | Reached skill level 10 in Armour
 19421 | Lair:4   | Identified the +0 barding of Nihilism {rElec rPois rCorr
                  | Str-2} (Okawaru gifted it to you on level 4 of the Lair of
                  | Beasts)
 19421 | Lair:4   | Received a gift from Okawaru
 20184 | Lair:5   | Reached XP level 14. HP: 109/145 MP: 23/23
 20249 | Lair:5   | Reached skill level 10 in Maces & Flails
 20252 | Lair:5   | Reached skill level 1 in Throwing
 20842 | Lair:5   | Reached skill level 5 in Throwing
 21207 | Lair:5   | Received a gift from Okawaru
 21622 | Lair:5   | Found a corrupted altar of Lugonu.
 21622 | Lair:5   | Found a one-way gate to the infinite horrors of the Abyss.
 22371 | Lair:5   | Found a runed translucent gate.
 22371 | Lair:5   | Found a runed translucent gate.
 22371 | Lair:5   | Found a runed translucent gate.
 22371 | Lair:5   | Noticed an acid blob
 22371 | Lair:5   | Noticed a quicksilver ooze
 22371 | Lair:5   | Noticed an acid blob
 22372 | Lair:5   | Found a viscous altar of Jiyva.
 22372 | Lair:5   | Noticed an acid blob
 22372 | Lair:5   | Noticed an azure jelly
 22372 | Lair:5   | Noticed an azure jelly
 22372 | Lair:5   | Noticed brightshaft's ghost (journeyman BaHu)
 22372 | Lair:5   | Noticed an acid blob
 22372 | Lair:5   | Noticed an acid blob
 22372 | Lair:5   | Noticed an acid blob
 22372 | Lair:5   | Noticed an acid blob
 22551 | Lair:5   | Received a gift from Okawaru
 23281 | D:12     | Found a portal to a secret trove of treasure.
 23598 | D:12     | Found a staircase to the Orcish Mines.
 23644 | D:12     | Received a gift from Okawaru
 23843 | D:12     | Reached skill level 1 in Dodging
 23950 | D:12     | Noticed Azrael
 23968 | D:12     | Killed Azrael
 23968 | D:12     | Received a gift from Okawaru
 24245 | D:12     | Found Paleunic's Jewellery Shoppe.
 24521 | Orc:1    | Entered Level 1 of the Orcish Mines
 24524 | Orc:1    | Noticed Sonja
 24687 | D:12     | Bought an amulet of the acrobat for 420 gold pieces
 24748 | Abyss:1  | Found a corrupted altar of Lugonu.
 24748 | Abyss:1  | Cast into level 1 of the Abyss (Sonja)
 24805 | Abyss:1  | Gained mutation: You are clumsy. (Dex -2) [potion of
                  | mutation]
 24805 | Abyss:1  | Lost mutation: You are clumsy. (Dex -2) [potion of
                  | mutation]
 24806 | Abyss:1  | Gained mutation: You are covered in fur. (AC +1) [potion of
                  | mutation]
 24806 | Abyss:1  | Gained mutation: Your mind is acute. (Int +4, Str/Dex -1)
                  | [potion of mutation]
 24806 | Abyss:1  | Gained mutation: You occasionally shout uncontrollably at
                  | your foes. [potion of mutation]
 24806 | Abyss:1  | Gained mutation: Your flesh is heat resistant. (rF+)
                  | [potion of mutation]
 24806 | Abyss:1  | Gained mutation: Your muscles are strong. (Str +4, Int/Dex
                  | -1) [potion of mutation]
 24857 | Abyss:1  | Reached XP level 15. HP: 62/153 MP: 20/24
 24883 | Abyss:2  | Found a corrupted altar of Lugonu.
 24966 | Abyss:2  | Noticed a bone dragon
 24989 | Arena    | Entered the Arena
 24996 | Arena    | Killed a bone dragon
 25010 | Abyss:2  | Noticed a tentacled starspawn
 25032 | Abyss:2  | Killed a tentacled starspawn
 25092 | Abyss:2  | Paralysed by accursed screaming for 1 turns
 25099 | Abyss:2  | Noticed a hellephant
 25103 | Abyss:2  | Received a gift from Okawaru
 25319 | Abyss:2  | Reached skill level 1 in Evocations
 25630 | Abyss:2  | Noticed a tentacled starspawn
 25641 | Abyss:2  | Killed a tentacled starspawn
 25668 | Orc:1    | Escaped the Abyss
 25670 | Arena    | Entered the Arena
 25691 | Arena    | Lost mutation: Your mind is acute. (Int +4, Str/Dex -1)
                  | [potion of mutation]
 25691 | Arena    | Lost mutation: Your flesh is heat resistant. (rF+) [potion
                  | of mutation]
 25691 | Arena    | Lost mutation: You occasionally shout uncontrollably at
                  | your foes. [potion of mutation]
 25691 | Arena    | Lost mutation: You are covered in fur. (AC +1) [potion of
                  | mutation]
 25691 | Arena    | Lost mutation: Your muscles are strong. (Str +4, Int/Dex
                  | -1) [potion of mutation]
 25691 | Arena    | Gained mutation: You are agile. (Dex +4, Str/Int -1)
                  | [potion of mutation]
 25691 | Arena    | Gained mutation: You have sharp fingernails. [potion of
                  | mutation]
 25691 | Arena    | Gained mutation: Your spells are a little harder to cast,
                  | but a little more powerful. [potion of mutation]
 25691 | Arena    | Gained mutation: You are resistant to electric shocks.
                  | (rElec) [potion of mutation]
 26849 | Orc:2    | Entered Level 2 of the Orcish Mines
 26849 | Orc:2    | Found a staircase to the Elven Halls.
 26977 | Orc:2    | Noticed Saint Roka
 27064 | Orc:2    | Killed Saint Roka
 28295 | Orc:2    | Reached skill level 10 in Throwing
 28679 | Orc:2    | Found Denalych's Book Shop.
 28679 | Orc:2    | Found Cussoq's Jewellery Shop.
 28680 | Orc:2    | Found Qammo's General Store.
 28680 | Orc:2    | Found Veibbuick's Antique Armour Emporium.
 28740 | Orc:2    | Bought a glowing helmet for 225 gold pieces
 28886 | Orc:1    | Paralysed by an orc sorcerer for 5 turns
 28933 | Orc:1    | Killed Sonja
 29565 | D:1      | Bought a potion of haste for 210 gold pieces
 29565 | D:1      | Bought a scroll of enchant armour for 157 gold pieces
 29565 | D:1      | Bought a scroll of magic mapping for 157 gold pieces
 29565 | D:1      | Bought a scroll of identify for 42 gold pieces
 29918 | Orc:2    | Bought an amulet of regeneration for 480 gold pieces
 30416 | D:13     | Found a shimmering altar of Xom.
 30495 | D:13     | Noticed Kirke
 30509 | D:13     | Killed Kirke
 31209 | D:14     | Reached XP level 16. HP: 131/160 MP: 25/25
 31526 | D:14     | Reached skill level 5 in Evocations
 31708 | D:14     | Found a gate to the Vaults.
 31877 | D:15     | Entered Level 15 of the Dungeon
 32207 | D:15     | Received a gift from Okawaru
 32210 | D:15     | Found a staircase to the Depths.
 32808 | D:15     | Reached skill level 5 in Dodging
 32814 | D:15     | Found a basalt altar of Yredelemnul.
 33129 | Shoals:1 | Entered Level 1 of the Shoals
 33424 | Shoals:1 | Noticed a kraken
 33463 | Arena    | Entered the Arena
 34204 | Shoals:1 | Killed a kraken
 34676 | Shoals:2 | Reached skill level 16 in Fighting
 35095 | Shoals:2 | Noticed a kraken
 35113 | Shoals:2 | Killed a kraken
 35172 | Shoals:2 | Received a gift from Okawaru
 35364 | Shoals:2 | Noticed a kraken
 35451 | Shoals:2 | Received a gift from Okawaru
 35451 | Shoals:2 | Found the +8 orange crystal plate armour {Archmagi, Int+3
                  | Clar}
 35629 | Shoals:2 | HP: 1/161 [tentacle[a kraken] (15)]
 35631 | Shoals:2 | Killed a kraken
 35725 | Shoals:2 | Found a runed translucent door.
 35733 | Shoals:2 | Noticed a kraken
 35757 | Shoals:2 | HP: 3/162 [tentacle[a kraken] (15)]
 35759 | Shoals:2 | Mangled by a tentacle

Illustrated notes

Levels and vault maps discovered:
D:1:      dpeg_arrival_short_road, layout_loops_corners, serial_shops, shop,
          nicolae_shop_hallway_plus, nicolae_shop_trees,
          nicolae_shop_waterfront, nicolae_shop_behind_doors,
          basic_ecumenical_altar, st_stairs_2, minmay_misc_feat_square,
          minmay_misc_feat_five
D:2:      layout_loops_ring, uniq_crazy_yiuf_cottage
D:3:      layout_basic, serial_shops, shop, chequers_jeans
D:4:      layout_cave_pools, slow_altar_2, serial_bayou_pond_a, minmay_puff
D:5:      layout_basic, minmay_temple_entry_steel_oval, feat_on_display
D:6:      layout_cave_pods, nicolae_wu_jian_glorious_leap,
          mainiacjoe_overflow_alcove_4, mainiacjoe_overflow_surrounded_room,
          nicolae_shop_i_like_big_books, hangedman_decor_points,
          columned_hall_lemuel, st_stairs_13, chequers_serial_rivers_micro_c
D:7:      layout_loops_cross, lemuel_tele_altar
D:8:      layout_cave_pods, gammafunk_temple_overflow_pools, erik_lair_dragon,
          serial_shops, nicolae_take_the_stairs, serial_bayou_pond_e,
          kennysheep_generic_room_9, uniq_joseph
D:9:      layout_basic, lemuel_mausoleum_altar_kikubaaqudgha, serial_shops,
          nicolae_lakefront_shop, dilly_guarded_unrand_elemental_staff
D:10:     layout_roguey [special_room_bee], mainiacjoe_overflow_alcove_1,
          uniq_maurice, uniq_urug, uniq_lodul, uniq_psyche, uniq_josephine
D:11:     layout_roguey, serial_shops, shop
D:12:     layout_loops_ring, kennysheep_orc_monster_closet_entryway,
          enter_trove_1, serial_shops, nicolae_shop_crystal, uniq_azrael
D:13:     layout_basic, brannock_xom_greatest_gift, uniq_kirke
D:14:     layout_irregular_city, david_vaults_5, ebering_dispersal_statue_hall,
          chequers_serial_rivers_small_b, minmay_beelzebubs_servants
D:15:     gammafunk_depths_entry_grave, layout_basic,
          lemuel_zombie_altar_yredelemnul
Temple:   oiseaux_autumnal_temple
Lair:1:   dreamdust_isle_of_ice, layout_layer_cave, small_statue_intersection,
          infiniplex_staircase_pool, grunt_megastairs_2, uniq_fannar
Lair:2:   wad_woods_04, layout_hall_layers, basic_altar, serial_bayou_shore_a
Lair:3:   layout_chaotic_city, elwin_shoals_entry_rooms,
          nicolae_spider_entry_tight_spaces, grunt_megastairs_3, uniq_gastronok
Lair:4:   layout_misc_corridors, slime_entry_2
Lair:5:   hellmonk_lair_end_abyssal_woods, layout_regular_city,
          gammafunk_ghost_ooze, st_stairs_7
Shoals:1: layout_shoals, st_cyclops
Shoals:2: nicolae_shoals_lighthouse, layout_shoals, nicolae_shop_clearance
Shoals:3: layout_shoals, serial_shops, nicolae_shop_window_shopping,
          kb_tengu_band
Orc:1:    layout_caves, basic_altar, uniq_sonja
Orc:2:    st_orc_elflike, layout_diamond_mine, uniq_saint_roka

Skill      XL: |  1  2  3  4  5  6  7  8  9 10 11 12 13 14 15 16 |
---------------+-------------------------------------------------+-----
Stealth        | 1 2 3 |  3.0
Fighting       | 3 4 5 6 7 9 10 13 15 16 | 16.3
Invocations    | 3 5 7 10 12 | 12.0
Maces & Flails | 4 5 6 9 10 12 14 | 14.0
Armour         | 4 7 10 | 10.0
Shields        | 5 7 |  7.0
Throwing       | 9 10 | 10.0
Dodging        | 1 4 5 |  5.0
Evocations     | 4 8 |  8.6

Action                   |  1- 3 |  4- 6 |  7- 9 | 10-12 | 13-15 | 16-18 || total
-------------------------+-------+-------+-------+-------+-------+-------++-------
Melee: Flail             |   109 |       |       |       |       |       ||   109
       Tailslap          |    12 |     4 |    20 |   125 |   348 |   163 ||   672
       Mace              |     3 |    58 |   200 |   685 |  1613 |   636 ||  3195
Throw: Boomerang         |       |       |       |       |    15 |    74 ||    89
       Dart              |       |       |       |       |     8 |     5 ||    13
       Javelin           |       |       |       |       |     5 |       ||     5
Invok: Heroism           |       |       |     5 |    16 |    25 |     7 ||    53
       Finesse           |       |       |       |    11 |    19 |       ||    30
       Duel              |       |       |       |       |     2 |     1 ||     3
Evoke: Phial of floods   |       |       |       |       |     1 |       ||     1
       Wand              |       |       |       |       |     3 |       ||     3
  Use: Scroll            |     4 |     1 |     7 |     5 |    14 |     4 ||    35
       Potion            |       |       |       |     3 |    12 |     5 ||    20
 Stab: Petrified         |       |       |       |       |     4 |       ||     4
       Sleeping          |       |       |       |       |     2 |     1 ||     3
       Distracted        |       |       |       |       |       |     1 ||     1
Armor: Scale mail        |    37 |    20 |    97 |   358 |   947 |   393 ||  1852
       Crystal plate arm |       |       |       |       |       |    74 ||    74
Dodge: Dodged            |    33 |    10 |    58 |   166 |   420 |   221 ||   908
Block: Buckler           |    19 |    13 |    40 |   152 |   548 |   314 ||  1086

Table legend: (Time is in decaauts)
 A = Elapsed time spent in this place.
 B = Non-inter-level travel time spent in this place.
 C = Inter-level travel time spent in this place.
 D = Time resting spent in this place.
 E = Time spent auto-exploring this place.
 F = Levels seen in this place.
 G = Mean time per level.
                   A        B        C        D        E       F      G
               +--------+--------+--------+--------+--------+-----+--------+
         Total |  35498 |  32609 |   2889 |   6868 |  18802 |  32 | 1109.3 |
       Dungeon |  17868 |  15770 |   2098 |   2419 |  10440 |  15 | 1191.2 |
        Temple |    307 |    277 |     30 |      0 |    254 |   1 |  307.0 |
          Lair |  10501 |  10134 |    367 |   2038 |   6123 |   5 | 2100.2 |
        Shoals |   2404 |   2368 |     36 |    617 |    909 |   3 |  801.3 |
  Orcish Mines |   3517 |   3161 |    356 |   1429 |   1072 |   2 | 1758.5 |
         Abyss |    841 |    841 |      0 |    357 |      3 |   3 |  280.3 |
         Arena |     58 |     58 |      0 |      8 |      0 |   3 |   19.3 |
               +--------+--------+--------+--------+--------+-----+--------+

Top non-repeatable levels by time:
  Lair:5: 3100 daAuts
  Lair:1: 2494 daAuts
  Lair:2: 1964 daAuts
  Lair:3: 1926 daAuts
     D:8: 1841 daAuts
   Orc:2: 1840 daAuts
    D:12: 1750 daAuts
   Orc:1: 1677 daAuts
     D:9: 1572 daAuts
    D:10: 1473 daAuts
    D:11: 1441 daAuts
     D:6: 1274 daAuts
Shoals:1: 1218 daAuts
Shoals:2: 1184 daAuts
     D:1: 1111 daAuts
